 Dungeon Crawl Stone Soup version 0.21.1-1-g345015fe64 (webtiles) character file.

156 DildoBatman the Sneak (level 5, -2/41 HPs)
             Began as a Formicid Wizard on May 17, 2018.
             Slain by Purgy (3 damage)
             ... in a sewer.
             The game lasted 00:13:10 (5029 turns).

DildoBatman the Sneak (Formicid Wizard)             Turns: 5029, Time: 00:13:10

Health: -2/41      AC:  6    Str: 12    XL:     5   Next: 65%
Magic:  18/18      EV: 10    Int: 18    God:
Gold:   136        SH:  0    Dex:  9    Spells: 9/10 levels left

rFire    . . .     SeeInvis +   c - -1 short sword (curse)
rCold    . . .     Gourm    .   (no shield)
rNeg     . . .     Faith    .   h - +0 ring mail
rPois    .         Spirit   .   (helmet unavailable)
rElec    .         Reflect  .   (no cloak)
rCorr    .         Harm     .   (no gloves)
MR       .....                  t - +0 pair of boots {Stlth+}
Stlth    ++........             (no amulet)
HPRegen  0.13/turn              q - ring of magical power
MPRegen  0.16/turn              (no ring)

@: drained
A: permanent stasis, dig shafts and tunnels, four strong arms, antennae 3
a: Dig, Shaft Self


You were in a sewer.
You were very hungry.

You visited 1 branch of the dungeon, and saw 3 of its levels.
You also visited: Sewer.

You collected 136 gold pieces.

Inventory:

Hand Weapons
 c - a cursed -1 short sword (weapon)
 m - a +1 trident of pain
 w - a +2 flail of protection
Missiles
 d - 23 arrows
 j - 39 stones (quivered)
 l - 15 poisoned needles
 s - 26 sling bullets
Armour
 h - a +0 ring mail (worn)
 t - a +0 pair of boots of stealth (worn)
Jewellery
 q - a ring of magical power (left hand)
Scrolls
 a - 2 scrolls of magic mapping {unknown}
 e - a scroll of enchant weapon {unknown}
 f - a scroll of identify {unknown}
 i - a scroll of enchant armour {unknown}
 p - a scroll of remove curse {unknown}
 r - 4 scrolls of fog {unknown}
 u - a scroll of teleportation {unknown}
 x - a scroll of immolation {unknown}
 y - a scroll of blinking
Potions
 g - a potion of cancellation {unknown}
 k - a potion of mutation {unknown}
 n - a potion of lignification {unknown}
 o - 2 potions of curing {unknown}
 z - 2 potions of flight {unknown}
Books
 b - a book of Minor Magic

   Spells                             Type                      Level
   a - Magic Dart                     Conjuration                  1
   b - Blink                          Translocation                2
   c - Call Imp                       Summoning                    2
   d - Slow                           Hexes                        2
   e - Conjure Flame                  Conjuration/Fire             3
   f - Mephitic Cloud                 Conjuration/Poison/Air       3
Comestibles
 v - 6 rations


   Skills:
 - Level 3.1(2.3) Fighting
 * Level 2.2(1.5) Armour
 - Level 2.0(1.2) Dodging
 * Level 3.8(3.0) Stealth
 - Level 3.2(2.5) Spellcasting
 - Level 2.0(1.2) Conjurations
   Level 1.0(0.3) Summonings
   Level 0.8(0.1) Translocations


You had 9 spell levels left.
You knew the following spells:

 Your Spells              Type           Power        Failure   Level  Hunger
c - Magic Dart            Conj           #...         22%         1    #......


Dungeon Overview and Level Annotations

Branches:
Dungeon (3/15)

Altars:
The Shining One

Annotations:
D:3 Natasha Sewer Purgy


Innate Abilities, Weirdness & Mutations

You cannot be hasted, slowed, berserked, paralysed or teleported.
You can dig through walls and to a lower floor.
Your four strong arms can wield two-handed weapons with a shield.
You have a pair of large antennae on your head. (SInv)


Message History

The frilled lizard closely misses you.
You see here 2 emerald potions.
z - 2 emerald potions Purgy barely misses you.
Purgy closely misses you. x2
The frilled lizard bites you. Purgy bites you but does no damage.
Purgy barely misses you. x2
The frilled lizard barely misses you.
You see here a scroll of blinking.
y - a scroll of blinking Purgy bites you.
Purgy claws you. x2
The frilled lizard barely misses you.
The frilled lizard bites you but does no damage.
You see here a fizzy inky potion.
o - 2 fizzy inky potions (gained 1) Purgy bites you.
Purgy claws you.
You die...

≈≈≈≈≈≈≈≈≈.## ##.#..≈≈≈≈≈≈≈≈≈≈≈#
≈≈≈≈≈≈l.l## ##.##.≈.≈≈≈≈≈≈≈≈≈
≈≈≈≈≈.#.## #####.#.≈≈≈≈≈≈≈≈
≈≈≈..#### ##########l#≈≈≈≈≈≈≈≈
≈≈≈.l## ##..ll..##.#.≈≈≈≈≈≈≈≈
≈≈≈≈≈.# ##.######..###.≈≈≈≈≈≈≈
≈≈≈≈l## ###.##...#######≈≈≈≈≈≈≈≈
≈≈≈≈≈.###l.###.l.≈≈≈≈...≈≈≈≈≈≈≈≈
≈≈≈≈≈≈∩#.##.##.T@#######.≈≈≈≈≈≈≈
≈≈≈≈≈≈∩.##.####### ##..≈≈≈≈≈≈≈
≈≈≈≈≈≈.####.# ##.#.≈≈≈≈≈≈≈
≈≈≈≈≈.####.## #.###≈≈≈≈≈≈≈
≈≈≈≈≈≈..###.# ##.#≈≈≈≈≈≈≈≈
≈≈≈≈≈≈.≈...## ##.≈≈≈≈≈≈≈≈≈
≈≈≈≈≈≈≈≈###.# ###.#.≈≈≈≈≈≈≈≈
≈≈≈≈≈≈≈≈≈≈.## ##....≈≈≈≈≈≈≈≈≈
≈≈≈≈≈≈≈≈≈≈≈.# ###..≈≈≈≈≈≈≈≈≈≈≈


You could see Purgy and a frilled lizard.

Vanquished Creatures
  Robin (D:2)
  6 adders
  2 oozes (D:1)
  3 dart slugs (D:1)
  5 leopard geckos
  3 ball pythons (Sewer)
  4 giant cockroaches
  11 goblins
  12 hobgoblins
  5 kobolds
  2 quokkas (D:3)
  7 bats
  3 frilled lizards
  8 rats
72 creatures vanquished.

Notes
Turn   | Place    | Note
-------+----------+-------------------------------------------
     0 | D:1      | DildoBatman the Formicid Wizard began the quest for the Orb.
     0 | D:1      | Reached XP level 1. HP: 13/13 MP: 4/4
    73 | D:1      | Reached skill level 1 in Conjurations
   386 | D:1      | Reached skill level 1 in Fighting
   386 | D:1      | Reached XP level 2. HP: 21/21 MP: 0/6
   747 | D:1      | Reached XP level 3. HP: 27/27 MP: 3/7
  1962 | D:2      | Reached XP level 4. HP: 33/34 MP: 3/8
  2433 | D:2      | Noticed Robin
  3208 | D:2      | Killed Robin
  3208 | D:2      | Reached skill level 1 in Armour
  3611 | D:2      | Reached XP level 5. HP: 41/41 MP: 1/9
  3768 | D:2      | Noticed a phantom
  3959 | D:2      | Found a glowing golden altar of the Shining One.
  4476 | D:3      | Noticed Natasha
  4591 | D:3      | Found a glowing drain.
  4711 | Sewer    | Entered a sewer
  4790 | Sewer    | Noticed Purgy
  5029 | Sewer    | HP: 1/41 [Purgy (5)]
  5029 | Sewer    | Slain by Purgy

Skill      XL: |  1  2  3  4  5 |
---------------+----------------+-----
Conjurations   | 1 2 |  2.0
Fighting       | 1 2 3 |  3.1
Dodging        | 2 |  2.0
Armour         | 1 2 |  2.2
Stealth        | 3 |  3.8
Spellcasting   | |  3.2
Summonings     | |  1.0
Translocations | |  0.8

Action                   |  1- 3 |  4- 6 || total
-------------------------+-------+-------++-------
Melee: Short sword       |    35 |    84 ||   119
 Cast: Magic Dart        |   100 |   164 ||   264
 Abil: Dig               |     1 |    20 ||    21
  Use: Scroll            |       |     1 ||     1
  Eat: Chunk             |     5 |    13 ||    18
Armor: Robe              |    20 |     6 ||    26
       Ring mail         |       |    70 ||    70
       Leather armour    |       |     6 ||     6
Dodge: Dodged            |    70 |   108 ||   178
